 Dungeon Crawl Stone Soup version 0.31-a0-1616-gbeaec30 (webtiles) character file.

Game seed: 7492430069744281049

1794 Dorkslayer the Slasher (level 9, -5/59 HPs)
             Began as an Octopode Fighter on Jan 10, 2024.
             Was a Believer of Wu Jian.
             Slain by a vampire (12 damage)
             ... on level 6 of the Dungeon.
             The game lasted 00:14:37 (4045 turns).

Dorkslayer the Slasher (Octopode Fighter)           Turns: 4045, Time: 00:14:37

Health: -5/59      AC:  1    Str: 15    XL:     9   Next: 9%
Magic:  9/9        EV: 16    Int: 11    God:    Wu Jian [**....]
Gold:   254        SH:  6    Dex: 20    Spells: 8/8 levels left

rFire   + . .        a - +0 long sword (spect)
rCold   + + .        b - +0 buckler
rNeg    + . .        (helmet restricted)
rPois   .            l - amulet of regeneration
rElec   .            q - ring of protection from fire
rCorr   +            r - ring of Zuefiq {^Drain rC++ rCorr Dex+5}
SInv    .            s - ring of positive energy
Will    .....        (no ring)
Stlth   ++++         (no ring)
HPRegen 1.09/turn    (no ring)
MPRegen 0.11/turn    (no ring)
                     (no ring)

%: no passive effects
@: mighty
A: almost no armour, amphibious, 8 rings, camouflage 1, gelatinous body 1,
(nimble swimmer 1), tentacles
a: Renounce Religion, Wall Jump


You were on level 6 of the Dungeon.
You worshipped Wu Jian.
Wu Jian was pleased with you.
You visited 1 branch of the dungeon, and saw 6 of its levels.

You collected 508 gold pieces.
You spent 254 gold pieces at shops.

Inventory:

Hand Weapons
 a - a +0 spectral long sword (weapon)
 o - a +0 long sword
Missiles
 u - 5 boomerangs
 y - 2 throwing nets
 z - 5 datura-tipped darts (quivered)
Armour
 b - a +0 buckler (worn)
Jewellery
 l - an amulet of regeneration (around mantle)
 q - a ring of protection from fire (left tentacle)
 r - the ring of Zuefiq (right tentacle) {^Drain rC++ rCorr Dex+5}
   (You found it on level 3 of the Dungeon)

   [ring of resist corrosion]

   Dex+5:     It affects your dexterity (+5).
   rC++:      It greatly protects you from cold.
   rCorr:     It protects you from acid and corrosion.
   ^Drain:    It drains your maximum health when unequipped.
 s - a ring of positive energy (on tentacle)
Talismans
 d - a maw talisman
Wands
 v - a wand of flame (35)
 w - a wand of charming (3)
Scrolls
 e - a scroll of fear
 f - 2 scrolls of amnesia
 i - 2 scrolls of teleportation
 p - a scroll of fog
Potions
 c - a potion of might
 g - a potion of mutation
 h - a potion of brilliance
 k - a potion of resistance
 m - a potion of attraction
 n - a potion of ambrosia
 x - a potion of magic


   Skills:
 + Level 4.6 Fighting
 + Level 6.4 Long Blades
 + Level 0.2 Throwing
 * Level 5.9 Dodging
 + Level 4.8 Stealth
 + Level 3.6 Shields
 * Level 2.5 Unarmed Combat
 * Level 1.6 Evocations
 * Level 4.2 Shapeshifting


You had 8 spell levels left.
You didn't know any spells.
Your spell library was empty.

Dungeon Overview and Level Annotations

Branches:
Dungeon (6/15)
 Temple: D:4-7

Altars:
Gozag
Wu Jian

Shops:
D:2 [   D:6 *

Annotations:
D:6 2 transporters, wqsa789's ghost, novice FoFi


Innate Abilities, Weirdness & Mutations

You cannot wear most types of armour.
You are amphibious.
You can wear up to eight rings at the same time.
Your skin changes colour to match your surroundings (Stealth+).
Your rubbery body absorbs attacks. (AC +1, EV +1)
((You are camouflaged when in or above water. (Stealth+)))
You have tentacles for arms and can constrict up to eight enemies at once.


Message History

You kill the orc!
The Council accepts your kill.
Your +0 spectral long sword disappears.
You hit something. You squeeze something.
Your +0 spectral long sword closely misses something.
Something hits you! Something bites you!
You hit something but do no damage.
Your tentacle-slap misses something.
Your +0 spectral long sword hits something but does no damage.
Something hits you! Something bites you. Something hits you!
* * * LOW HITPOINT WARNING * * *
Something bites you.
* * * LOW HITPOINT WARNING * * *
Something draws strength from your injuries!
You feel much better.
Your +0 spectral long sword disappears.
Something hits you! Something bites you.
* * * LOW HITPOINT WARNING * * *
Something draws strength from your injuries!
Okay, then.
As you read the scroll of fear, it crumbles to dust.
You assume a fearsome visage.
The iguana looks frightened!
Something hits you!
* * * LOW HITPOINT WARNING * * *
Something barely misses you.
You feel much better. You block something's attack. Something bites you!
* * * LOW HITPOINT WARNING * * *
Something draws strength from your injuries!
You feel very mighty all of a sudden. Something hits you.
* * * LOW HITPOINT WARNING * * *
Something bites you.
* * * LOW HITPOINT WARNING * * *
Something draws strength from your injuries!
You slash something!
Your +0 spectral long sword closely misses something.
Something closely misses you. Something bites you.
* * * LOW HITPOINT WARNING * * *
You slash something! You squeeze something.
Your +0 spectral long sword barely misses something.
Something hits you!
You die...

##........# ..##
#........##### ....
###.......##.. .....
#####.......).#... l....
#.##.....)..)...#.
..#...#..........†.)#.#.
..#...#.............#.#.
..#...)(................
..#...#@##..............
..#.. #.##.....#.##....#
..{o ####.....##......#
... ...#.........#. ..
#####........... .
........... ..........
..#...... ..#......


You could see an iguana (fleeing) and a friendly +0 spectral long sword.

Vanquished Creatures
  Menkaure (D:6)
  2 water moccasins
  2 black bears (D:5)
  An ogre (D:4)
  A kobold brigand (D:6)
  2 gnoll sergeants (D:5)
  2 scorpions (D:5)
  A howler monkey (D:6)
  A bombardier beetle (D:5)
  A jelly (D:4)
  6 hounds
  A gnoll bouda (D:5)
  4 orc priests
  4 iguanas
  2 orc wizards (D:4)
  8 gnolls
  11 adders
  A shadow imp (D:5)
  4 dart slugs
  14 orcs
  5 ball pythons
  6 bats
  5 endoplasms
  4 giant cockroaches
  4 goblins
  8 hobgoblins
  2 jackals (D:5)
  3 kobolds
  3 quokkas
  A frilled lizard (D:2)
  6 rats
116 creatures vanquished.

Vanquished Creatures (collateral kills)
  A howler monkey (D:4)
1 creature vanquished.

Grand Total: 117 creatures vanquished

Notes
Turn   | Place    | Note
-------+----------+-------------------------------------------
     0 | D:1      | Dorkslayer the Octopode Fighter began the quest for the
                  | Orb.
     0 | D:1      | Reached XP level 1. HP: 16/16 MP: 1/1
     0 | D:1      | Noticed a large abomination
     0 | D:1      | Noticed a large abomination
     1 | D:1      | Noticed a large abomination
     2 | D:1      | Noticed a large abomination
     4 | D:1      | Noticed a large abomination
     4 | D:1      | Noticed a large abomination
     8 | D:1      | Noticed a large abomination
     9 | D:1      | Noticed a large abomination
    11 | D:1      | Noticed a large abomination
    11 | D:1      | Noticed a large abomination
    13 | D:1      | Noticed a large abomination
    15 | D:1      | Noticed a large abomination
    15 | D:1      | Noticed a large abomination
    17 | D:1      | Noticed a large abomination
    17 | D:1      | Noticed a large abomination
    19 | D:1      | Noticed a large abomination
    19 | D:1      | Noticed a large abomination
    21 | D:1      | Noticed a small abomination
    69 | D:1      | Found a faded altar of an unknown god.
   196 | D:1      | Reached XP level 2. HP: 21/21 MP: 2/2
   650 | D:2      | Reached XP level 3. HP: 25/26 MP: 3/3
   686 | D:2      | Reached skill level 1 in Stealth
   686 | D:2      | Reached XP level 4. HP: 23/31 MP: 4/4
   789 | D:2      | Found Cyuser's Armour Boutique.
  1385 | D:3      | Found an ornate altar of the Wu Jian Council.
  1464 | D:3      | Became a worshipper of the Wu Jian Council
  1786 | D:3      | Reached skill level 3 in Long Blades
  1792 | D:3      | Reached XP level 5. HP: 35/36 MP: 5/5
  1807 | D:3      | Identified the ring of Zuefiq {^Drain rC++ rCorr Dex+5}
  1969 | D:3      | Reached skill level 1 in Shapeshifting
  2256 | D:4      | Reached XP level 6. HP: 42/42 MP: 6/6
  2299 | D:4      | Found an opulent altar of Gozag.
  2469 | D:4      | Reached skill level 4 in Long Blades
  2478 | D:4      | Reached * piety under Wu Jian
  2555 | D:4      | Reached XP level 7. HP: 47/47 MP: 7/7
  2716 | D:5      | Entered Level 5 of the Dungeon
  2723 | D:5      | Reached skill level 5 in Dodging
  2948 | D:5      | Reached skill level 5 in Long Blades
  2948 | D:5      | Reached skill level 1 in Unarmed Combat
  2948 | D:5      | Reached XP level 8. HP: 54/54 MP: 8/8
  3529 | D:5      | Reached ** piety under Wu Jian
  3696 | D:6      | Noticed Menkaure
  3697 | D:6      | Found Soiri's General Store.
  3702 | D:6      | Killed Menkaure
  3703 | D:6      | Reached skill level 6 in Long Blades
  3703 | D:6      | Reached skill level 1 in Evocations
  3719 | D:6      | Bought a scroll of identify for 28 gold pieces
  3719 | D:6      | Bought a potion of might for 56 gold pieces
  3719 | D:6      | Bought a wand of charming (3) for 100 gold pieces
  3719 | D:6      | Bought a scroll of teleportation for 42 gold pieces
  3719 | D:6      | Bought a scroll of identify for 28 gold pieces
  3833 | D:6      | Found a transporter.
  3833 | D:6      | Found a transporter.
  3834 | D:6      | Noticed wqsa789's ghost (novice FoFi)
  3992 | D:6      | Reached XP level 9. HP: 57/59 MP: 9/9
  4045 | D:6      | Slain by a vampire

Illustrated notes

Levels and vault maps discovered:
D:1:      shiori_arrival_whats_in_store_for_you, layout_basic,
          hellmonk_ecumenical_altar_lost_god, minmay_box_of_dots
D:2:      layout_basic, serial_shops, shop
D:3:      layout_basic, lemuel_tele_altar
D:4:      layout_rooms, nicolae_overflow_crystal_walls, nicolae_half_adder
D:5:      minmay_octagon_keep, layout_basic, kennysheep_boxes
D:6:      layout_cave_pools, gammafunk_ghost_smash, blue_anna_alchemist,
          minmay_shop_grid_forest, grunt_potential, uniq_menkaure

Skill      XL: |  1  2  3  4  5  6  7  8  9 |
---------------+----------------------------+-----
Stealth        | 1 2 3 4 |  4.8
Dodging        | 4 5 |  5.9
Long Blades    | 3 4 5 6 |  6.4
Shapeshifting  | 1 2 3 4 |  4.2
Fighting       | 4 |  4.6
Unarmed Combat | 1 2 |  2.5
Evocations     | 1 |  1.6
Throwing       | |  0.2
Shields        | |  3.6

Action                     |  1- 3 |  4- 6 |  7- 9 || total
---------------------------+-------+-------+-------++-------
  Melee: Long sword        |    53 |   100 |   102 ||   255
         Tentacles         |    13 |    15 |    33 ||    61
         Constrict         |    12 |    20 |    36 ||    68
         Punch             |     1 |     1 |     6 ||     8
  Throw: Boomerang         |       |       |     3 ||     3
Ability: Lunge             |       |     9 |    17 ||    26
    Use: Scroll            |     1 |     6 |     6 ||    13
         Potion            |       |     4 |     4 ||     8
   Stab: Sleeping          |     4 |     5 |     8 ||    17
         Distracted        |     1 |       |     2 ||     3
 Armour: Skin              |    25 |    58 |    43 ||   126
  Dodge: Dodged            |    27 |    69 |    35 ||   131
  Block: Buckler           |    11 |    25 |    18 ||    54

Table legend: (Time is in decaauts)
 A = Elapsed time spent in this place.
 B = Non-inter-level travel time spent in this place.
 C = Inter-level travel time spent in this place.
 D = Time resting spent in this place.
 E = Time spent auto-exploring this place.
 F = Levels seen in this place.
 G = Mean time per level.
                   A        B        C        D        E       F      G
               +--------+--------+--------+--------+--------+-----+--------+
         Total |   4098 |   4098 |      0 |      9 |   1899 |   6 |  683.0 |
       Dungeon |   4098 |   4098 |      0 |      9 |   1899 |   6 |  683.0 |
               +--------+--------+--------+--------+--------+-----+--------+

Top non-repeatable levels by time:
     D:5: 989 daAuts
     D:3: 822 daAuts
     D:2: 717 daAuts
     D:1: 653 daAuts
     D:4: 563 daAuts
     D:6: 352 daAuts
